 Dungeon Crawl Stone Soup version 0.16.2-12-gd0ad4c3 (webtiles) character file.

23 faibistes the Cudgeler (level 3, -2/37 HPs)
             Began as an Ogre Warper on Dec 12, 2017.
             Killed from afar by Ijyb (9 damage)
             ... with a wand of frost
             ... on level 1 of the Dungeon.
             The game lasted 00:03:29 (1637 turns).

faibistes the Cudgeler (Ogre Warper)                Turns: 1637, Time: 00:03:30

Health: -2/37      AC:  3    Str: 16    XL:     3   Next: 0%
Magic:  5/6        EV: 10    Int: 13    God:
Gold:   13         SH:  0    Dex:  9    Spells: 3 memorised, 2 levels left

rFire  . . .     SeeInvis .     a - +0 mace
rCold  . . .     Clarity  .     b - +0 robe
rNeg   . . .     SustAb   .     (shield restricted)
rPois  .         Gourm    .     (helmet restricted)
rElec  .         Spirit   .     (no cloak)
rCorr  .         Warding  .     (gloves unavailable)
rMut   .         Stasis   .     (boots unavailable)
MR     .....                    (no amulet)
Stlth  +.........               (no ring)
                                (no ring)

@: not resistant to hostile enchantments, very unstealthy
A: unfitting armour, tough skin 1
a: no special abilities


You were on level 1 of the Dungeon.
You were hungry.

You visited 1 branch of the dungeon, and saw 2 of its levels.

You collected 13 gold pieces.

Inventory:

Hand weapons
 a - a +0 mace (weapon)
Missiles
 e - 5 tomahawks of dispersal
 i - 36 stones (quivered)
Armour
 b - a +0 robe (worn)
Scrolls
 d - a scroll of blinking
 j - a scroll of identify {unknown}
 m - a scroll of random uselessness {unknown}
 o - 2 scrolls of enchant weapon {unknown}
Potions
 h - a potion of invisibility {unknown}
 k - a potion of brilliance {unknown}
 l - a potion of beneficial mutation {unknown}
Books
 c - a book of Spatial Translocations

   Spells                             Type                      Level
   a - Apportation                    Translocation                1
   b - Blink                          Translocation                2
   c - Shroud of Golubria             Charms/Translocation         2
   d - Portal Projectile              Translocation                3
   e - Teleport Other                 Translocation                3
   f - Passage of Golubria            Translocation                4
Comestibles
 f - a meat ration
 g - a bread ration


   Skills:
 + Level 3.0 Fighting
 * Level 3.1 Maces & Flails
 * Level 1.5 Throwing
 + Level 1.0 Armour
 - Level 1.7 Dodging
 * Level 2.7 Spellcasting
 * Level 2.3 Translocations


You had 2 spell levels left.
You knew the following spells:

 Your Spells              Type           Power        Failure   Level  Hunger
a - Apportation           Tloc           #.........   10%         1    #......
c - Shroud of Golubria    Chrm/Tloc      #.........   24%         2    ###....
d - Blink                 Tloc           N/A          14%         2    ###....


Dungeon Overview and Level Annotations

Branches:
Dungeon (2/15)

Altars:

Annotations:
D:1 Ijyb


Innate Abilities, Weirdness & Mutations

You are too large for most types of armour.
You have tough skin (AC +1).


Message History

Ijyb zaps a wand.
The puff of frost misses you.
The puff of frost hits the goblin.
The goblin dies!
Ijyb zaps a wand.
The puff of frost hits you!
You barely miss Ijyb. Ijyb hits you.
You completely miss Ijyb.
Ijyb zaps a wand.
The puff of frost hits you!
You hit Ijyb but do no damage.
Ijyb zaps a wand.
The puff of frost hits you!
Your shroud bends Ijyb's attack away.
You closely miss Ijyb.
You are feeling hungry.
Ijyb hits you but does no damage.
You hit Ijyb.
Ijyb is lightly wounded.
Your shroud unravels.
Ijyb zaps a wand.
The puff of frost hits you!
* * * LOW HITPOINT WARNING * * *
You hit Ijyb.
Ijyb is lightly wounded.
Ijyb zaps a wand.
The puff of frost hits you!
You die...

#.......♣.♣.♣ #.######♣...♣# ###
#.# ##♣P.... ##.###.# #.♣♣.♣♣.
#########.#.##.# #..###..
#..............# #>.##... ###
#.#######...#### #..##...
..#####.########.)########..##.#.
#............)..@..............#.
####...........g..########..##...
#....#########.# #......#
##.#.#♣♣♣♣ ###.########..##...
##....♣.P.♣♣♣.............##.#.
#..........♣♣...###############
#.....♣PP.♣♣♣#### ########
#.#.#.#♣♣♣♣♣# #....... #.#.#.#
#.# #.......


You could see Ijyb.

Vanquished Creatures
  An adder (D:2)
  An ooze (D:1)
  2 goblins (D:1)
  A ball python (D:1)
  5 bats (D:1)
  3 giant newts (D:1)
  2 kobolds (D:1)
15 creatures vanquished.

Vanquished Creatures (others)
  A goblin (D:1)
1 creature vanquished.

Grand Total: 16 creatures vanquished

Notes
Turn   | Place    | Note
--------------------------------------------------------------
     0 | D:1      | faibistes, the Ogre Warper, began the quest for the Orb.
     0 | D:1      | Reached XP level 1. HP: 22/22 MP: 3/3
   379 | D:1      | Reached skill level 1 in Armour
   467 | D:1      | Reached XP level 2. HP: 25/29 MP: 5/5
   474 | D:1      | Learned a level 2 spell: Blink
   477 | D:1      | Learned a level 2 spell: Shroud of Golubria
   898 | D:1      | Reached skill level 3 in Maces & Flails
  1365 | D:2      | Reached XP level 3. HP: 21/37 MP: 0/6
  1492 | D:2      | Noticed Ijyb
  1637 | D:1      | Killed from afar by Ijyb

Action                   || total
-------------------------++-------
Melee: Mace              ||    60
Throw: Stone             ||     2
 Cast: Shroud of Golubri ||     1
  Eat: Chunk             ||     2
